 Dungeon Crawl Stone Soup version 0.26-a0-712-ga5a9c9c9d0 (webtiles) character file.

Game seed: 13924485308421605129

137 Azzok the Chopper (level 5, 48/64 HPs)
             Began as a Demonspawn Berserker on Nov 7, 2020.
             Was a Believer of Trog.
             Quit the game on level 2 of the Dungeon.
             The game lasted 00:02:43 (1810 turns).

Azzok the Chopper (Demonspawn Berserker)            Turns: 1810, Time: 00:02:44

Health: 48/64      AC: 10    Str: 18    XL:     5   Next: 0%
Magic:  5/5        EV:  7    Int:  8    God:    Trog [**....]
Gold:   142        SH:  0    Dex: 13    Spells: 4/4 levels left

rFire    . . .     SeeInvis .   b - +0 short sword (venom)
rCold    . . .     Faith    .   (no shield)
rNeg     . . .     Spirit   .   m - +0 chain mail
rPois    .         Reflect  .   (no helmet)
rElec    .         Harm     .   (no cloak)
rCorr    .         Rampage  .   (no gloves)
MR       .....                  (no boots)
Stlth    ..........             (no amulet)
HPRegen  0.20/turn              (no ring)
MPRegen  0.09/turn              (no ring)

@: berserking, very quick
A: rugged brown scales 2, demonic guardian 1, powered by pain 1
a: Berserk, Trog's Hand, Renounce Religion


You were on level 2 of the Dungeon.
You worshipped Trog.
Trog was pleased with you.
You visited 1 branch of the dungeon, and saw 2 of its levels.

You collected 142 gold pieces.

Inventory:

Hand Weapons
 a - a +0 hand axe
 b - a +0 short sword of venom (weapon)
Armour
 m - a +0 chain mail (worn)
Scrolls
 c - a scroll of immolation {unknown}
 e - a scroll of teleportation {unknown}
 f - a scroll of remove curse {unknown}
 i - a scroll of identify {unknown}
 j - a scroll of magic mapping {unknown}
 k - 2 scrolls of enchant weapon {unknown}
 l - a scroll of fog {unknown}
Potions
 d - a potion of flight {unknown}
 g - a potion of degeneration {unknown}
 h - 2 potions of lignification {unknown}


   Skills:
 - Level 3.0 Fighting
 + Level 5.2 Axes
 - Level 1.7 Armour
 - Level 1.7 Dodging


You had 4 spell levels left.
You didn't know any spells.
Your spell library was empty.

Dungeon Overview and Level Annotations

Branches:
Dungeon (2/15)

Altars:


Innate Abilities, Weirdness & Mutations

You are mostly covered in rugged brown scales. (AC +2, +5% HP)
A weak demonic guardian rushes to your aid.
You sometimes gain a little power by taking damage.


Message History

You closely miss the adder. The adder barely misses you.
A giant cockroach comes into view.
The adder bites you.
You closely miss the adder. The adder closely misses you.
You hit the adder.
The adder is poisoned.
The adder is heavily wounded.
The adder bites you but does no damage.
A red film seems to cover your vision as you go berserk!
You feel yourself moving faster!
You feel mighty! The adder bites you but does no damage.
The adder barely misses you.
You closely miss the adder.
The adder is heavily wounded.
The adder bites you.
You puncture the adder!
You kill the adder!
Trog accepts your kill.
You have reached level 5!
Your demonic ancestry asserts itself...
You feel the presence of a demonic guardian.
Are you sure you want to abandon this character and quit the game? (Confirm with "yes".)

▒··▒·▒▒▒▒▒▒·▒ ▒·
··▒··▒·▒ ▒·▒ ▒·
··▒†·▒·▒ ▒▒·▒▒
▒· ··▒··▒·▒
▒▒▒···▒▒▒·
▒·▒··▒··
·········
▒·▒··▒▒▒
▒···▒▒▒· ▒·▒··▒
▒†▒▒▒··
··▒▒▒▒K▒·(▒
▒·▒▒···
······B@··▒
▒·▒▒▒··
·▒▒▒▒▒·<·····▒
▒▒>▒▒▒▒·
▒▒▒·▒▒▒·▒
▒▒···▒▒▒▒ ▒·▒ ▒
▒▒▒·▒▒▒·▒▒▒ ▒·▒
▒·▒▒·▒▒ ▒▒·▒▒
▒·▒ ▒····▒ ▒···
▒·▒ ▒▒▒▒·▒▒
▒▒···
·▒▒▒▒▒▒▒·▒▒▒·▒··
▒
···········▒▒··


You could see a giant cockroach and a kobold.

Vanquished Creatures
  An orc priest (D:2)
  A bullfrog skeleton (D:2)
  An adder (D:2)
  An ooze (D:2)
  A worm (D:2)
  A leopard gecko (D:2)
  5 orcs (D:2)
  6 bats
  4 giant cockroaches (D:2)
  4 goblins
  7 hobgoblins
  6 jackals
  5 kobolds
  A ball python (D:2)
  3 frilled lizards
  8 rats
55 creatures vanquished.

Notes
Turn   | Place    | Note
-------+----------+-------------------------------------------
     0 | D:1      | Azzok the Demonspawn Berserker began the quest for the Orb.
     0 | D:1      | Reached XP level 1. HP: 18/18 MP: 1/1
    49 | D:1      | Reached skill level 3 in Axes
   224 | D:1      | Gained mutation: You are partially covered in rugged brown
                  | scales. (AC +1, +3% HP) [demonic ancestry]
   224 | D:1      | Reached XP level 2. HP: 13/24 MP: 2/2
   728 | D:1      | Reached ** piety under Trog
   902 | D:2      | Gained mutation: You are mostly covered in rugged brown
                  | scales. (AC +2, +5% HP) [demonic ancestry]
   902 | D:2      | Reached XP level 3. HP: 19/30 MP: 3/3
  1034 | D:2      | Reached skill level 4 in Axes
  1222 | D:2      | Gained mutation: You sometimes gain a little power by
                  | taking damage. [demonic ancestry]
  1222 | D:2      | Reached XP level 4. HP: 29/36 MP: 4/4
  1314 | D:2      | Reached skill level 5 in Axes
  1809 | D:2      | Gained mutation: A weak demonic guardian rushes to your
                  | aid. [demonic ancestry]
  1809 | D:2      | Reached XP level 5. HP: 43/43 MP: 5/5
  1810 | D:2      | Quit the game

Illustrated notes

Levels and vault maps discovered:
D:1:      nicolae_arrival_washed_ashore, layout_rooms
D:2:      cheibrodos_pilgrimage, layout_loops_ring

Skill      XL: |  1  2  3  4 |
---------------+-------------+-----
Axes           | 3 4 5 |  5.2
Fighting       | |  3.0
Armour         | |  1.7
Dodging        | |  1.7

Action                   |  1- 3 |  4- 6 || total
-------------------------+-------+-------++-------
Melee: Hand axe          |    94 |    39 ||   133
       Short sword       |       |    17 ||    17
Invok: Berserk           |     2 |     2 ||     4
 Stab: Sleeping          |     1 |       ||     1
Armor: Animal skin       |    29 |     2 ||    31
       Chain mail        |       |    19 ||    19
Dodge: Dodged            |    86 |    29 ||   115

Table legend: (Time is in decaauts)
 A = Elapsed time spent in this place.
 B = Non-inter-level travel time spent in this place.
 C = Inter-level travel time spent in this place.
 D = Time resting spent in this place.
 E = Time spent auto-exploring this place.
 F = Levels seen in this place.
 G = Mean time per level.
                   A        B        C        D        E       F      G
               +--------+--------+--------+--------+--------+-----+--------+
         Total |   1841 |   1824 |     17 |     23 |   1472 |   2 |  920.5 |
       Dungeon |   1841 |   1824 |     17 |     23 |   1472 |   2 |  920.5 |
               +--------+--------+--------+--------+--------+-----+--------+

Top non-repeatable levels by time:
     D:2: 936 daAuts
     D:1: 905 daAuts
